 Dungeon Sprint DCSS version 0.30-a0-354-g6b83867211 (webtiles) character file.

Game seed: 15214041293109973913

1577 rocky1 the Cleaver (level 9, -1/78 HPs)
             Began as a Formicid Fighter on Nov 8, 2022.
             Was a Believer of Okawaru.
             Slain by a sea snake (11 damage)
             ... in the Dungeon (Sprint VII: "The Pits").
             The game lasted 00:02:18 (912 turns).

rocky1 the Cleaver (Formicid Fighter)                Turns: 912, Time: 00:02:18

Health: -1/78      AC: 16    Str: 24    XL:     9   Next: 14%
Magic:  9/9        EV:  8    Int:  9    God:    Okawaru [**....]
Gold:   0          SH:  7    Dex: 13    Spells: 8/8 levels left

rFire   . . .      SeeInvis +    k - +2 hand axe (vorpal)
rCold   . . .      Faith    .    c - +0 buckler
rNeg    . . .      Spirit   .    j - +2 plate armour
rPois   .          Reflect  .    (helmet unavailable)
rElec   .          Harm     .    (no cloak)
rCorr   .          Rampage  .    (no gloves)
Will    .....                    (no boots)
Stlth   ..........               (no amulet)
HPRegen 0.33/turn                (no ring)
MPRegen 0.11/turn                (no ring)

@: lethally poisoned (-1 -> -28)
A: permanent stasis, dig shafts and tunnels, antennae 3, four strong arms
a: Dig, Renounce Religion, Heroism


You were in the Dungeon.
You worshipped Okawaru.
Okawaru was pleased with you.
You visited 1 branch

Inventory:

Hand Weapons
 a - a +0 war axe
 k - a +2 vorpal hand axe (weapon)
Armour
 b - a +0 scale mail
 c - a +0 buckler (worn)
 j - a +2 plate armour (worn)
Scrolls
 i - 5 scrolls of amnesia
Potions
 d - a potion of might
 e - 6 potions of curing
 f - 5 potions of heal wounds
 g - 4 potions of magic
 h - 2 potions of invisibility


   Skills:
 + Level 10.0 Fighting
 + Level 12.2 Axes
 + Level 9.5 Armour
 + Level 3.5 Dodging
 + Level 1.6 Stealth
 + Level 11.6 Shields
 + Level 0.7 Invocations


You had 8 spell levels left.
You didn't know any spells.
Your spell library was empty.

Dungeon Overview and Level Annotations

Branches:
Dungeon (1/1)

Altars:
Ashenzari
Cheibriados
Dithmenos
Elyvilon
Fedhas
Gozag
Hepliaklqana
Kikubaaqudgha
Makhleb
Nemelex Xobeh
Okawaru
Qazlal
Ru
Sif Muna
Trog
Uskayaw
Vehumet
Wu Jian
Xom
Yredelemnul
Zin
The Shining One
Jiyva
Lugonu


Innate Abilities, Weirdness & Mutations

You cannot be hasted, slowed, berserked, paralysed or teleported.
You can dig through walls and to a lower floor.
You have a pair of large antennae on your head. (SInv)
Your four strong arms can wield two-handed weapons with a shield.


Message History

You miss the sea snake.
The sea snake is severely wounded.
The sea snake bites you!
* * * LOW HITPOINT WARNING * * *
You completely miss the sea snake.
The sea snake is severely wounded.
You block the sea snake's attack.
You feel much better. The sea snake barely misses you.
You hit the sea snake.
The sea snake is almost dead.
The sea snake bites you!
You closely miss the sea snake.
The sea snake is almost dead.
The sea snake barely misses you.
You hit the sea snake.
The sea snake is almost dead.
The sea snake bites you.
You miss the sea snake.
The sea snake is almost dead.
You barely miss the sea snake.
The sea snake is almost dead.
The sea snake bites you but does no damage.
You hit the sea snake but do no damage.
The sea snake is almost dead.
The sea snake bites you.
You miss the sea snake.
The sea snake is almost dead.
The sea snake barely misses you.
You hit the sea snake.
The sea snake is almost dead.
The sea snake bites you!
* * * LOW HITPOINT WARNING * * *
You are lethally poisoned!
The sea snake poisons you!
You barely miss the sea snake.
The sea snake is almost dead.
* * * LOW HITPOINT WARNING * * *
You feel very sick. The sea snake bites you!
You die...

#.##'#..#'###...<...#
#.#........##.......#
#.#........##.......#
#)###########.......#
#)......#.. #########
#...#...#.######
#...#...#.#....#
#.##.##.#†#....#
#...#...#@SW...+
#...#...#'#b...#
#.......'.#....#
################


You could see a sea snake, a shadow (invisible) and a fire bat.

Vanquished Creatures
  Pikel (D)
  Joseph (D)
  A warg (D)
  A water moccasin (D)
  2 floating eyes (D)
  An ice beast (D)
  A black bear (D)
  A phantom (D)
  A necrophage (D)
  A hound (D)
  An orc priest (D)
  An iguana (D)
  An orc wizard (D)
  3 orcs (D)
  3 bats (D)
  An endoplasm (D)
  2 hobgoblins (D)
  A quokka (D)
  A frilled lizard (D)
  A rat (D)
26 creatures vanquished.

Notes
Turn   | Place    | Note
-------+----------+-------------------------------------------
     0 | D        | rocky1 the Formicid Fighter began the quest for the Orb.
     0 | D        | Reached XP level 1. HP: 18/18 MP: 1/1
    11 | D        | Noticed a floating eye
    16 | D        | Killed a floating eye
    17 | D        | Reached skill level 3 in Axes
    17 | D        | Reached XP level 2. HP: 28/28 MP: 2/2
    17 | D        | Reached XP level 3. HP: 34/34 MP: 3/3
    17 | D        | Reached XP level 4. HP: 40/40 MP: 4/4
    17 | D        | Reached XP level 5. HP: 46/46 MP: 5/5
    21 | D        | Found a bloodstained altar of Trog.
    21 | D        | Found a shimmering blue altar of Sif Muna.
    21 | D        | Found a viscous altar of Jiyva.
    21 | D        | Found a hazy altar of Hepliaklqana.
    21 | D        | Found an opulent altar of Gozag.
    22 | D        | Found a glowing golden altar of the Shining One.
    22 | D        | Found a glowing silver altar of Zin.
    22 | D        | Found a basalt altar of Yredelemnul.
    22 | D        | Found a shimmering altar of Xom.
    22 | D        | Found an ornate altar of the Wu Jian Council.
    22 | D        | Found a sacrificial altar of Ru.
    22 | D        | Found a stormy altar of Qazlal.
    22 | D        | Found an iron altar of Okawaru.
    22 | D        | Found a sparkling altar of Nemelex Xobeh.
    22 | D        | Found a burning altar of Makhleb.
    22 | D        | Found a blossoming altar of Fedhas.
    22 | D        | Found a white marble altar of Elyvilon.
    22 | D        | Found a shadowy altar of Dithmenos.
    22 | D        | Found a snail-covered altar of Cheibriados.
    25 | D        | Found a corrupted altar of Lugonu.
    25 | D        | Found a radiant altar of Vehumet.
    26 | D        | Found an ancient bone altar of Kikubaaqudgha.
    26 | D        | Found a hide-covered altar of Uskayaw.
    26 | D        | Found a broken altar of Ashenzari.
    30 | D        | Became a worshipper of Warmaster Okawaru
   242 | D        | Noticed an ice beast
   256 | D        | Killed an ice beast
   257 | D        | Reached skill level 5 in Axes
   257 | D        | Reached skill level 1 in Dodging
   257 | D        | Reached XP level 6. HP: 28/55 MP: 6/6
   411 | D        | Noticed a black bear
   411 | D        | Noticed Pikel
   411 | D        | Noticed a floating eye
   437 | D        | Killed a black bear
   437 | D        | Reached * piety under Okawaru
   438 | D        | Reached skill level 7 in Axes
   442 | D        | Killed a floating eye
   443 | D        | Reached skill level 8 in Axes
   443 | D        | Reached XP level 7. HP: 55/62 MP: 7/7
   484 | D        | Killed Pikel
   485 | D        | Reached skill level 10 in Axes
   485 | D        | Reached skill level 1 in Stealth
   485 | D        | Reached XP level 8. HP: 59/71 MP: 8/8
   551 | D        | Reached ** piety under Okawaru
   649 | D        | Noticed Joseph
   663 | D        | Killed Joseph
   664 | D        | Reached skill level 11 in Axes
   760 | D        | Reached skill level 12 in Axes
   760 | D        | Reached XP level 9. HP: 72/78 MP: 7/9
   770 | D        | Reached skill level 10 in Fighting
   883 | D        | Noticed a sea snake
   912 | D        | Slain by a sea snake

Illustrated notes

Levels and vault maps discovered:
D:        pitsprint [storerooms_1, entrance_room_1, metal_vault_4, armoury_1,
          mini_pit_1, grid_room_1, main_hall_1, silver_pit, the_coven_3,
          the_vestibule_1, steel_vault_2, golden_pit, hallway_of_sentries,
          crystal_vault_4, iron_vault_4, final_vault]

Skill      XL: |  1  2  3  4  5  6  7  8  9 |
---------------+----------------------------+-----
Fighting       | 6 7 8 9 10 | 10.0
Axes           | 3 5 8 10 12 | 12.2
Armour         | 6 7 8 9 |  9.5
Shields        | 7 8 9 11 | 11.6
Dodging        | 1 2 3 |  3.5
Stealth        | 1 |  1.6
Invocations    | |  0.7

Action                   |  1- 3 |  4- 6 |  7- 9 || total
-------------------------+-------+-------+-------++-------
Melee: War axe           |     4 |    29 |       ||    33
       Hand axe          |       |    18 |   101 ||   119
Invok: Heroism           |       |       |     3 ||     3
  Use: Potion            |       |       |     1 ||     1
Armor: Scale mail        |       |    11 |       ||    11
       Plate armour      |       |     6 |    28 ||    34
Dodge: Dodged            |       |    17 |    21 ||    38
Block: Buckler           |       |    14 |    15 ||    29

Table legend: (Time is in decaauts)
 A = Elapsed time spent in this place.
 B = Non-inter-level travel time spent in this place.
 C = Inter-level travel time spent in this place.
 D = Time resting spent in this place.
 E = Time spent auto-exploring this place.
 F = Levels seen in this place.
 G = Mean time per level.
                   A        B        C        D        E       F      G
               +--------+--------+--------+--------+--------+-----+--------+
         Total |    897 |    876 |     21 |    552 |      0 |   1 |  897.0 |
       Dungeon |    897 |    876 |     21 |    552 |      0 |   1 |  897.0 |
               +--------+--------+--------+--------+--------+-----+--------+

Top non-repeatable levels by time:
       D: 897 daAuts
